 Dungeon Sprint DCSS version 0.29-a0-676-ga64570c9d2 (webtiles) character file.

Game seed: 5421586239315176999

19342 mhtbhm the Imperceptible (level 12, -1/61 HPs)
             Began as a Spriggan Enchanter on June 24, 2022.
             Was an Initiate of Gozag.
             Slain by a cyclops (24 damage)
             ... in the Dungeon (Sprint IX: "|||||||||||||||||||||||||||||") on June 25, 2022.
             The game lasted 00:16:26 (6137 turns).

mhtbhm the Imperceptible (Spriggan Enchanter)       Turns: 6137, Time: 00:16:26

Health: -1/61      AC:  4    Str:  4    XL:     12   Next: 35%
Magic:  27/34      EV: 24    Int: 25    God:    Gozag
Gold:   2494       SH:  0    Dex: 18    Spells: 14/45 levels left

rFire   . . .      SeeInvis +   a - +12 pair of quick blades "Gyre" and "Gimble" {protect}
rCold   . . .      Faith    .   (shield currently unavailable)
rNeg    . . .      Spirit   .   b - +0 robe
rPois   .          Reflect  .   (helmet restricted)
rElec   .          Harm     .   x - +1 cloak
rCorr   .          Rampage  .   (gloves unavailable)
Will    ++...      NoTele   +   (boots unavailable)
Stlth   ++++++++++              (no amulet)
HPRegen 0.20/turn               l - +3 ring of intelligence
MPRegen 0.24/turn               k - +3 ring of intelligence

@: very quick
A: very small, no large weapons, unfitting armour, see invisible, speed 3
a: Renounce Religion, Potion Petition, Call Merchant, Bribe Branch


You were in the Dungeon.
You worshipped Gozag.
Gozag was most pleased with you.
You visited 1 branch You collected 7780 gold pieces.
You spent 3196 gold pieces at shops.
You paid 2090 gold pieces to Gozag.

Inventory:

Hand Weapons
 a - the +12 pair of quick blades "Gyre" and "Gimble" (weapon) {protect}
   (You bought it in a shop in the Dungeon)

   It grants its wielder temporary protection when it strikes (+7 to AC).
 q - the +4 rapier "Keaxon" {spect, rF+ rC+ Dex+4}
   (You bought it in a shop in the Dungeon)

   When its wielder attacks, the weapon's spirit leaps out and strikes again.
   The spirit shares a part of any damage it takes with its wielder.
   Dex:       It affects your dexterity (+4).
   rF:        It protects you from fire.
   rC:        It protects you from cold.
Missiles
 p - 4 poisoned darts (quivered)
Armour
 b - a +0 robe (worn)
 x - a +1 cloak (worn)
Jewellery
 k - a +3 ring of intelligence (right hand)
 l - a +3 ring of intelligence (left hand)
 u - a ring of ice
 v - a ring of ice
 w - a ring of fire
Wands
 j - a wand of acid (8)
 s - a wand of mindburst (16)
Scrolls
 h - 2 scrolls of amnesia
 i - 4 scrolls of blinking
 n - 2 scrolls of identify
 o - 6 scrolls of fog
 r - a scroll of summoning
 y - 2 scrolls of enchant weapon
Potions
 c - a potion of invisibility
 d - 6 potions of curing
 e - 7 potions of heal wounds
 f - a potion of haste
 g - 4 potions of magic
 m - 3 potions of berserk rage
 t - a potion of might {unknown}
 z - a potion of resistance


   Skills:
 + Level 6.1 Fighting
 + Level 13.5 Short Blades
 + Level 0.9 Throwing
 + Level 10.1 Dodging
 + Level 26.8 Stealth
 + Level 17.2 Spellcasting
 + Level 2.8 Conjurations
 + Level 16.9 Hexes
 + Level 6.2 Ice Magic
 + Level 1.0 Evocations


You had 14 spell levels left.
You knew the following spells:

 Your Spells              Type           Power      Damage    Failure   Level
a - Confusing Touch       Hex            82%        N/A       0%          3
b - Tukima's Dance        Hex            82%        N/A       0%          3
c - Ensorcelled Hibernat  Hex/Ice        100%       N/A       1%          2
d - Dazzling Flash        Conj/Hex       100%       N/A       1%          3
e - Silence               Hex/Air        29%        N/A       1%          5
f - Yara's Violent Unrav  Hex/Tmut       29%        3d12      1%          5
g - Enfeeble              Hex            41%        N/A       1%          7
h - Teleport Other        Tloc           21%        N/A       7%          3

Your spell library contained the following spells:

 Spells                   Type           Power      Damage    Failure   Level
 Gell's Gravitas          Tloc           21%        N/A       7%          3
 Lesser Beckoning         Tloc           21%        N/A       7%          3
 Agony                    Necr           21%        N/A       54%         5


Dungeon Overview and Level Annotations

Branches:
Dungeon (1/1)

Altars:
Cheibriados
Dithmenos
Elyvilon
Fedhas
Gozag
Hepliaklqana
Kikubaaqudgha
Makhleb
Nemelex Xobeh
Okawaru
Qazlal
Ru
Sif Muna
Trog
Uskayaw
Vehumet
Wu Jian
Xom
Yredelemnul
Zin
The Shining One
Beogh
Jiyva
Lugonu

Shops:
D *((?[::


Innate Abilities, Weirdness & Mutations

You are very small and have problems with some larger weapons.
You are too small for most types of armour.
You have supernaturally acute eyesight. (SInv)
You cover ground extremely quickly. (Speed+++)


Message History

You see here a +2 rapier of speed.
You see here a +3 dire flail.
You see here a +0 quarterstaff.
You see here a +1 double sword.
You see here a +1 pair of gloves.
You see here a +1 helmet.
You see here a +2 leather armour of cold resistance.
You see here +1 ice dragon scales.
You see here a +0 pair of gloves.
You see here the +1 leather armour of Guqudu {rF+ Stlth+}.
You see here a +1 barding.
The cyclops throws a large rock.
The large rock barely misses you.
Casting: Ensorcelled Hibernation (safe; 1% risk of failure)
Confirm with . or Enter, or press ? or * to list all spells.
Aiming: Ensorcelled Hibernation (safe; 1% risk of failure)
Press: ? - help, Shift-Dir - straight line, f/p - cyclops
Aim: a cyclops, quivering large rocks (chance to affect: 54%)
The cyclops resists with some effort.
The cyclops hits you!!
Casting: Ensorcelled Hibernation (safe; 1% risk of failure)
Confirm with . or Enter, or press ? or * to list all spells.
Aiming: Ensorcelled Hibernation (safe; 1% risk of failure)
Press: ? - help, Shift-Dir - straight line, f/p - cyclops
Aim: a cyclops, quivering large rocks (chance to affect: 54%)
The cyclops resists with some effort.
Unknown command.
Casting: Ensorcelled Hibernation (safe; 1% risk of failure)
Confirm with . or Enter, or press ? or * to list all spells.
Aiming: Ensorcelled Hibernation (safe; 1% risk of failure)
Press: ? - help, Shift-Dir - straight line, f/p - cyclops
Aim: a cyclops, quivering large rocks (chance to affect: 54%)
The cyclops resists with some effort.
The cyclops hits you!
Unknown command.
Casting: Ensorcelled Hibernation (safe; 1% risk of failure)
Confirm with . or Enter, or press ? or * to list all spells.
Aiming: Ensorcelled Hibernation (safe; 1% risk of failure)
Press: ? - help, Shift-Dir - straight line, f/p - cyclops
Aim: a cyclops, quivering large rocks (chance to affect: 54%)
The cyclops resists with some effort.
The cyclops hits you!!
You die...
Your body crumbles into a pile of gold.

▓_▓.▓.▓.▓.▓.▓[▓
▓_▓.▓'▓.▓)▓.▓[▓
▓_▓.▓.▓.▓)▓.▓.▓
▓_▓.▓.▓)▓)▓.▓.▓
▓_▓.▓.▓.▓)▓.▓.▓
▓_▓.▓.▓.▓.▓.▓.▓
▓_▓.▓.▓.▓.▓.▓.▓
▓_▓.▓∩▓.▓)▓.▓.▓
▓_▓.▓.▓.▓.▓.▓@▓
▓_▓.▓.▓.▓)▓.▓C▓
▓_▓.▓.▓.▓'▓.▓.▓
▓'▓.▓'▓.▓)▓.▓.▓
▓.▓.▓.▓.▓.▓.▓'▓
▓.▓.▓.▓.▓)▓.▓D▓
▓)▓.▓.▓.▓)▓.▓$▓
▓.▓.▓.▓.▓.▓.▓$▓
▓[▓.▓.▓.▓∩▓.▓$▓


You could see an ice dragon and a cyclops.

Vanquished Creatures
  An ettin (D)
  A boulder beetle (D)
  Erolcha (D)
  4 centaur warriors (D)
  A catoblepas (D)
  5 death yaks (D)
  8 orc knights (D)
  A manticore (D)
  3 cyclopes (D)
  Joseph (D)
  A black mamba (D)
  3 cane toads (D)
  Psyche (D)
  2 tengu conjurers (D)
  2 komodo dragons (D)
  A slime creature (D)
  2 blink frogs (D)
  A shadow (D)
  A wraith (D)
  3 yaks (D)
  4 water moccasins (D)
  15 orc warriors (D)
  2 wolves (D)
  A centaur (D)
  3 bullfrogs (D)
  A scorpion (D)
  A wight (D)
  A killer bee (D)
  5 orc priests (D)
  4 orc wizards (D)
  2 adders (D)
  9 orcs (D)
  An endoplasm (D)
  2 kobolds (D)
  2 rats (D)
96 creatures vanquished.

Notes
Turn   | Place    | Note
-------+----------+-------------------------------------------
     0 | D        | mhtbhm the Spriggan Enchanter began the quest for the Orb.
     0 | D        | Reached XP level 1. HP: 9/9 MP: 5/5
    11 | D        | Reached skill level 5 in Stealth
    60 | D        | Noticed a scorpion
    60 | D        | Noticed a water moccasin
    63 | D        | Reached skill level 6 in Stealth
    63 | D        | Reached skill level 5 in Hexes
    63 | D        | Reached XP level 2. HP: 7/13 MP: 5/7
    72 | D        | Killed a scorpion
    73 | D        | Reached skill level 8 in Stealth
    73 | D        | Reached XP level 3. HP: 11/16 MP: 6/10
    73 | D        | Reached XP level 4. HP: 14/21 MP: 6/11
   344 | D        | Learned a level 3 spell: Confusing Touch
   348 | D        | Learned a level 3 spell: Tukima's Dance
   351 | D        | Learned a level 2 spell: Ensorcelled Hibernation
   355 | D        | Learned a level 3 spell: Dazzling Flash
   365 | D        | Killed a water moccasin
   366 | D        | Reached skill level 5 in Dodging
   366 | D        | Reached skill level 11 in Stealth
   366 | D        | Reached skill level 5 in Spellcasting
   366 | D        | Reached XP level 5. HP: 24/24 MP: 10/14
   440 | D        | Found a snail-covered altar of Cheibriados.
   440 | D        | Found a shadowy altar of Dithmenos.
   440 | D        | Found a white marble altar of Elyvilon.
   440 | D        | Found a blossoming altar of Fedhas.
   440 | D        | Found an opulent altar of Gozag.
   441 | D        | Found a hazy altar of Hepliaklqana.
   442 | D        | Found a viscous altar of Jiyva.
   443 | D        | Found an ancient bone altar of Kikubaaqudgha.
   444 | D        | Found a corrupted altar of Lugonu.
   445 | D        | Found a burning altar of Makhleb.
   446 | D        | Found a sparkling altar of Nemelex Xobeh.
   447 | D        | Found an iron altar of Okawaru.
   448 | D        | Found a stormy altar of Qazlal.
   449 | D        | Found a sacrificial altar of Ru.
   450 | D        | Found a shimmering blue altar of Sif Muna.
   451 | D        | Found a bloodstained altar of Trog.
   452 | D        | Found a hide-covered altar of Uskayaw.
   453 | D        | Found a radiant altar of Vehumet.
   454 | D        | Found an ornate altar of the Wu Jian Council.
   455 | D        | Found a shimmering altar of Xom.
   456 | D        | Found a basalt altar of Yredelemnul.
   457 | D        | Found a glowing silver altar of Zin.
   458 | D        | Found a glowing golden altar of the Shining One.
   532 | D        | Became a worshipper of Gozag Ym Sagoz the Greedy
   562 | D        | Got the +2 rapier "Fionoxo" {flame, rPois Will+ Dex+2}
   574 | D        | Noticed a centaur
   574 | D        | Noticed a shadow
   578 | D        | Killed a centaur
   579 | D        | Reached skill level 12 in Stealth
   588 | D        | Reached XP level 6. HP: 17/28 MP: 9/16
   593 | D        | Reached skill level 13 in Stealth
   720 | D        | Killed a shadow
   721 | D        | Reached skill level 1 in Fighting
   721 | D        | Reached skill level 5 in Short Blades
   721 | D        | Reached skill level 14 in Stealth
   721 | D        | Reached skill level 10 in Hexes
   721 | D        | Reached XP level 7. HP: 21/33 MP: 15/19
   882 | D        | Noticed a cyclops
   882 | D        | Noticed a wraith
   882 | D        | Noticed a slime creature
   882 | D        | Noticed a tengu conjurer
   882 | D        | Noticed a centaur warrior
   882 | D        | Noticed a centaur warrior
   889 | D        | Killed a cyclops
   890 | D        | Reached skill level 15 in Stealth
   890 | D        | Reached skill level 1 in Ice Magic
   894 | D        | Killed a wraith
   895 | D        | Reached XP level 8. HP: 29/39 MP: 12/22
   906 | D        | Killed a slime creature
   921 | D        | Killed a tengu conjurer
   922 | D        | Reached skill level 10 in Spellcasting
  1053 | D        | Killed a centaur warrior
  1054 | D        | Reached skill level 10 in Short Blades
  1054 | D        | Reached skill level 16 in Stealth
  1054 | D        | Reached XP level 9. HP: 16/44 MP: 21/24
  1314 | D        | Killed a centaur warrior
  1315 | D        | Reached skill level 17 in Stealth
  1522 | D        | Noticed a komodo dragon
  1522 | D        | Noticed a cane toad
  1525 | D        | Killed a komodo dragon
  1566 | D        | Killed a cane toad
  1567 | D        | Reached skill level 18 in Stealth
  1604 | D        | Reached XP level 10. HP: 37/51 MP: 12/27
  1695 | D        | Noticed a black mamba
  1695 | D        | Noticed a boulder beetle
  1695 | D        | Noticed a cane toad
  1699 | D        | Killed a black mamba
  1700 | D        | Reached skill level 19 in Stealth
  1701 | D        | Noticed a cane toad
  1726 | D        | Killed a boulder beetle
  1728 | D        | Killed a cane toad
  1737 | D        | Reached skill level 20 in Stealth
  1744 | D        | Killed a cane toad
  1806 | D        | Bought a scroll of blinking for 97 gold pieces
  1806 | D        | Bought a scroll of identify for 26 gold pieces
  1809 | D        | Noticed a death yak
  1809 | D        | Noticed a death yak
  1809 | D        | Noticed a death yak
  1809 | D        | Noticed a catoblepas
  1809 | D        | Noticed a death yak
  1810 | D        | Noticed a death yak
  2144 | D        | Killed a death yak
  2145 | D        | Reached skill level 21 in Stealth
  2145 | D        | Reached skill level 1 in Conjurations
  2648 | D        | Killed a death yak
  2721 | D        | Killed a catoblepas
  2722 | D        | Reached XP level 11. HP: 24/54 MP: 30/30
  2899 | D        | Reached skill level 22 in Stealth
  2912 | D        | Killed a death yak
  3091 | D        | Killed a death yak
  3092 | D        | Reached skill level 5 in Fighting
  3747 | D        | Killed a death yak
  3748 | D        | Reached skill level 23 in Stealth
  3748 | D        | Reached skill level 15 in Spellcasting
  3748 | D        | Reached skill level 15 in Hexes
  4031 | D        | Noticed Joseph
  4038 | D        | Killed Joseph
  4059 | D        | Noticed Psyche
  4066 | D        | Killed Psyche
  4067 | D        | Reached skill level 1 in Evocations
  4572 | D        | Noticed an orc knight
  4582 | D        | Killed an orc knight
  4583 | D        | Reached skill level 5 in Ice Magic
  4805 | D        | Found Qiowuol's Antique Weapon Emporium.
  4805 | D        | Noticed an orc knight
  4805 | D        | Noticed an orc knight
  4805 | D        | Noticed an orc knight
  4805 | D        | Noticed an orc knight
  4807 | D        | Noticed an orc knight
  4808 | D        | Killed an orc knight
  4809 | D        | Reached skill level 24 in Stealth
  4810 | D        | Noticed an orc knight
  4811 | D        | Killed an orc knight
  4813 | D        | Killed an orc knight
  4814 | D        | Found Hockebbere's Antique Weapon Shoppe.
  4818 | D        | Noticed an orc knight
  5072 | D        | Killed an orc knight
  5170 | D        | Killed an orc knight
  5182 | D        | Killed an orc knight
  5183 | D        | Reached skill level 25 in Stealth
  5365 | D        | Killed an orc knight
  5374 | D        | Found Jeseamp's Magic Scroll Emporium.
  5381 | D        | Reached XP level 12. HP: 39/60 MP: 19/33
  5452 | D        | Found Rieq's Antique Armour Shoppe.
  5608 | D        | Bought the +12 pair of quick blades "Gyre" and "Gimble"
                  | {protect} for 1530 gold pieces
  5608 | D        | Found the +12 pair of quick blades "Gyre" and "Gimble"
                  | {protect}
  5611 | D        | Bought a crude rapier for 198 gold pieces
  5611 | D        | Identified the +4 rapier "Keaxon" {spect, rF+ rC+ Dex+4}
                  | (You bought it in a shop in the Dungeon)
  5629 | D        | Bought a scroll of summoning for 123 gold pieces
  5629 | D        | Bought a scroll of fog for 26 gold pieces
  5644 | D        | Bought a book of Misfortune for 468 gold pieces
  5644 | D        | Bought a book of the Senses for 416 gold pieces
  5650 | D        | Learned a level 5 spell: Silence
  5656 | D        | Learned a level 5 spell: Yara's Violent Unravelling
  5664 | D        | Learned a level 7 spell: Enfeeble
  5713 | D        | Noticed Erolcha
  5768 | D        | Bought a book of Displacement for 312 gold pieces
  5772 | D        | Learned a level 3 spell: Teleport Other
  5827 | D        | Killed Erolcha
  5913 | D        | Noticed a centaur warrior
  5913 | D        | Noticed a centaur warrior
  5917 | D        | Killed a centaur warrior
  5918 | D        | Noticed an ettin
  5922 | D        | Reached skill level 26 in Stealth
  5924 | D        | Killed a centaur warrior
  5925 | D        | Reached skill level 10 in Dodging
  5925 | D        | Noticed an ice dragon
  5928 | D        | Noticed a stone giant
  5931 | D        | Killed an ettin
  5932 | D        | Noticed a brown very ugly thing
  5935 | D        | Noticed a frost giant
  5941 | D        | Noticed a lich
  6137 | D        | Slain by a cyclops

Illustrated notes

Levels and vault maps discovered:
D:        linesprint [early_d, line_temple, items_1, d_10, items_2, lair_1,
          lair_end, items_3, orc_1, orc_end, items_4, d_15, swamp_1, shoals_1,
          snake_1, spider_1, d_20, vaults_1, items_5, swamp_end, shoals_end,
          snake_end, spider_end, vaults_end, d_27, items_6, zot_1, zot_end,
          crypt_end, forest_end, elf_end, slime_end, tomb_end, abyss_end,
          pan_hell_end]

Skill      XL: |  1  2  3  4  5  6  7  8  9 10 11 12 |
---------------+-------------------------------------+-----
Hexes          | 5 6 8 9 10 11 12 14 16 | 16.9
Stealth        | 6 8 11 12 14 15 16 18 21 25 26 | 26.8
Spellcasting   | 3 4 5 6 7 9 10 12 14 16 17 | 17.2
Dodging        | 3 4 5 6 7 8 9 10 | 10.1
Short Blades   | 2 3 5 7 10 11 12 13 | 13.5
Fighting       | 1 2 3 4 5 6 |  6.1
Ice Magic      | 1 2 4 5 6 |  6.2
Conjurations   | 1 2 |  2.8
Evocations     | 1 |  1.0
Throwing       | |  0.9

Action                   |  1- 3 |  4- 6 |  7- 9 | 10-12 || total
-------------------------+-------+-------+-------+-------++-------
Melee: Dagger            |    18 |    14 |       |       ||    32
       Rapier            |       |    25 |    61 |   158 ||   244
       Pair of quick bla |       |       |       |    11 ||    11
Throw: Dart              |       |       |       |     2 ||     2
 Cast: Ensorcelled Hiber |       |     4 |    13 |    45 ||    62
       Confusing Touch   |       |     6 |     5 |    16 ||    27
       Dazzling Flash    |       |       |     3 |    26 ||    29
Invok: Call Merchant     |       |       |       |     3 ||     3
Evoke: Wand              |       |       |       |     2 ||     2
  Use: Potion            |     3 |     1 |     1 |     1 ||     6
       Scroll            |       |       |     1 |       ||     1
 Stab: Invisible         |     2 |       |       |    19 ||    21
       Sleeping          |     1 |     1 |    10 |    31 ||    43
       Distracted        |       |     1 |       |     2 ||     3
       Confused          |       |     5 |     4 |     8 ||    17
Armor: Robe              |       |     1 |     1 |     2 ||     4
Dodge: Dodged            |     5 |    37 |    36 |    79 ||   157

Table legend: (Time is in decaauts)
 A = Elapsed time spent in this place.
 B = Non-inter-level travel time spent in this place.
 C = Inter-level travel time spent in this place.
 D = Time resting spent in this place.
 E = Time spent auto-exploring this place.
 F = Levels seen in this place.
 G = Mean time per level.
                   A        B        C        D        E       F      G
               +--------+--------+--------+--------+--------+-----+--------+
         Total |   5264 |   5264 |      0 |   2998 |   1012 |   1 | 5264.0 |
       Dungeon |   5264 |   5264 |      0 |   2998 |   1012 |   1 | 5264.0 |
               +--------+--------+--------+--------+--------+-----+--------+

Top non-repeatable levels by time:
       D: 5264 daAuts
